 Dungeon Sprint DCSS version 0.26-a0-757-g626ac9e51a (webtiles) character file.

Game seed: 1989007778871505038

65 sahdkjhfkaj the Grave Robber (level 3, 0/26 HPs)
             Began as a Demonspawn Necromancer on Nov 8, 2020.
             Was a Priest of Vehumet.
             Slain by a fire bat (2 damage)
             ... in the Dungeon (Sprint VII: "The Pits").
             The game lasted 00:05:02 (399 turns).

sahdkjhfkaj the Grave Robber (DsNe)                  Turns: 399, Time: 00:05:02

Health: 0/26       AC:  2    Str:  8    XL:     3   Next: 94%
Magic:  0/9        EV: 12    Int: 17    God:    Vehumet [***...]
Gold:   0          SH:  0    Dex: 13    Spells: 8/12 levels left

rFire    . . .     SeeInvis .   c - +2 dagger (venom)
rCold    . . .     Faith    .   (no shield)
rNeg     . . .     Spirit   +   a - +0 robe
rPois    .         Reflect  .   (helmet restricted)
rElec    .         Harm     .   (no cloak)
rCorr    .         Rampage  .   (no gloves)
MR       .....     NoTele   +   (no boots)
Stlth    +++.......             (no amulet)
HPRegen  0.08/turn              (no ring)
MPRegen  0.11/turn              (no ring)

@: no status effects
A: antennae 1, magic shield
a: Renounce Religion


You were in the Dungeon.
You worshipped Vehumet.
Vehumet was most pleased with you.
You visited 1 branch

Inventory:

Hand Weapons
 c - a +2 dagger of venom (weapon)
Armour
 a - a +0 robe (worn)
Scrolls
 i - 3 scrolls of remove curse {!r}
 j - 5 scrolls of amnesia {!r}
Potions
 b - 2 potions of invisibility {!q}
 d - a potion of heal wounds {!q}
 e - a potion of haste {!q}
 f - 3 potions of magic {!q}
 g - 3 potions of berserk rage {!q}
 k - 5 potions of curing {!q}


   Skills:
 - Level 1.0 Fighting
 - Level 1.0 Short Blades
 - Level 1.0 Armour
 + Level 2.0 Dodging
 - Level 5.0 Stealth
 - Level 5.0 Spellcasting
 - Level 5.0 Necromancy


You had 8 spell levels left.
You knew the following spells:

 Your Spells              Type           Power        Failure   Level
a - Pain                  Necr           ###.         1%          1
c - Vampiric Draining     Necr           ###.......   5%          3

Your spell library contained the following spells:

 Spells                   Type           Power        Failure   Level
 Searing Ray              Conj           #.....       6%          2
 Animate Skeleton         Necr           ###...       1%          1
 Animate Dead             Necr           ###.......   19%         4
 Agony                    Necr           ###.....     45%         5


Dungeon Overview and Level Annotations

Branches:
Dungeon (1/1)

Altars:
Ashenzari
Cheibriados
Dithmenos
Elyvilon
Fedhas
Gozag
Hepliaklqana
Kikubaaqudgha
Makhleb
Nemelex Xobeh
Okawaru
Qazlal
Ru
Sif Muna
Trog
Uskayaw
Vehumet
Wu Jian
Xom
Yredelemnul
Zin
The Shining One
Beogh
Jiyva
Lugonu


Innate Abilities, Weirdness & Mutations

You have a pair of small antennae on your head.
When hurt, damage is shared between your health and your magic reserves.


Message History

The fire bat misses you. The fire bat bites you.
* * * LOW HITPOINT WARNING * * *
You are engulfed in flames!
* * * LOW HITPOINT WARNING * * *
Press: ? - help, v - describe, . - travel
Here: a fire bat (severely wounded)
The floor.
Really quaff
d - 2 potions of heal wounds {!q}?
You feel much better. The fire bat bites you.
You are engulfed in flames!
* * * LOW HITPOINT WARNING * * *
The gnoll sergeant barely misses you. The fire bat bites you.
* * * LOW HITPOINT WARNING * * *
You are engulfed in flames!
* * * LOW HITPOINT WARNING * * *
Really quaff
f - 4 potions of magic {!q}?
Magic courses through your body. The fire bat misses you.
The fire bat bites you.
* * * LOW HITPOINT WARNING * * *
You are engulfed in flames!
You die...

############
#_________.#
#_________.#
#_______...##########
##########'##........
#.?(.')))'.##......#.
##########.##........
#ggb@.....÷.'........
#B#####'#####......#.
#.#.†#††#..##........
#g#..'.†#))#####'####
#B#..####))##.......#
#o#..#..#))##.......#
#g#..#..#[[##.......#
#o##†#..#'###...<...#
#.#........##.......#


You could see a gnoll sergeant, a fire bat, a gnoll and a giant cockroach.

Vanquished Creatures
  A hound (D)
  An adder (D)
  A ball python (D)
  2 giant cockroaches (D)
  A hobgoblin (D)
  A quokka (D)
  A frilled lizard (D)
8 creatures vanquished.

Vanquished Creatures (collateral kills)
  An iron imp (D)
  An ooze (D)
  A ball python zombie (D)
3 creatures vanquished.

Grand Total: 11 creatures vanquished

Notes
Turn   | Place    | Note
-------+----------+-------------------------------------------
     0 | D        | sahdkjhfkaj the Demonspawn Necromancer began the quest for
                  | the Orb.
     0 | D        | Reached XP level 1. HP: 13/13 MP: 3/3
    12 | D        | Reached skill level 1 in Fighting
    12 | D        | Reached skill level 1 in Armour
    29 | D        | Found a bloodstained altar of Trog.
    29 | D        | Found a shimmering blue altar of Sif Muna.
    29 | D        | Found a viscous altar of Jiyva.
    29 | D        | Found a hazy altar of Hepliaklqana.
    29 | D        | Found an opulent altar of Gozag.
    30 | D        | Found a glowing golden altar of the Shining One.
    30 | D        | Found a glowing silver altar of Zin.
    30 | D        | Found a basalt altar of Yredelemnul.
    30 | D        | Found a shimmering altar of Xom.
    30 | D        | Found an ornate altar of the Wu Jian Council.
    30 | D        | Found a sacrificial altar of Ru.
    30 | D        | Found a stormy altar of Qazlal.
    30 | D        | Found an iron altar of Okawaru.
    30 | D        | Found a sparkling altar of Nemelex Xobeh.
    30 | D        | Found a burning altar of Makhleb.
    30 | D        | Found a blossoming altar of Fedhas.
    30 | D        | Found a white marble altar of Elyvilon.
    30 | D        | Found a shadowy altar of Dithmenos.
    30 | D        | Found a snail-covered altar of Cheibriados.
    31 | D        | Found a radiant altar of Vehumet.
    31 | D        | Found a corrupted altar of Lugonu.
    31 | D        | Found a roughly hewn altar of Beogh.
    32 | D        | Found an ancient bone altar of Kikubaaqudgha.
    32 | D        | Found a hide-covered altar of Uskayaw.
    32 | D        | Found a broken altar of Ashenzari.
    39 | D        | Became a worshipper of Vehumet
    79 | D        | Reached skill level 5 in Necromancy
   127 | D        | Reached * piety under Vehumet
   127 | D        | Offered knowledge of Magic Dart by Vehumet.
   146 | D        | Gained mutation: You have a pair of small antennae on your
                  | head. [demonic ancestry]
   146 | D        | Reached XP level 2. HP: 18/21 MP: 0/5
   148 | D        | Reached skill level 1 in Short Blades
   226 | D        | Reached ** piety under Vehumet
   230 | D        | Reached skill level 5 in Stealth
   230 | D        | Gained mutation: When hurt, damage is shared between your
                  | health and your magic reserves. [demonic ancestry]
   230 | D        | Reached XP level 3. HP: 26/26 MP: 7/7
   295 | D        | Noticed a fire bat
   295 | D        | Noticed a floating eye
   295 | D        | Noticed a gnoll sergeant
   305 | D        | Offered knowledge of Searing Ray by Vehumet.
   305 | D        | Reached *** piety under Vehumet
   305 | D        | Reached skill level 5 in Spellcasting
   318 | D        | Learned a level 3 spell: Vampiric Draining
   394 | D        | HP: 1/26 [fire bat (5)]
   399 | D        | Slain by a fire bat

Illustrated notes

Levels and vault maps discovered:
D:        pitsprint [storerooms_1, entrance_room_1, metal_vault_5, armoury_2,
          mini_pit_1, grid_room_1, main_hall_1, silver_pit, the_coven_2,
          the_vestibule_1, steel_vault_3, golden_pit, hallway_of_sentries,
          crystal_vault_2, iron_vault_2, final_vault]

Skill      XL: |  1  2  3 |
---------------+----------+-----
Stealth        | 4 5 |  5.0
Fighting       | 1 |  1.0
Armour         | 1 |  1.0
Necromancy     | 5 |  5.0
Short Blades   | 1 |  1.0
Spellcasting   | 5 |  5.0
Dodging        | 2 |  2.0

Action                   || total
-------------------------++-------
Melee: Dagger            ||    13
 Cast: Pain              ||    12
       Vampiric Draining ||     2
  Use: Potion            ||     7
       Scroll            ||     2
Armor: Robe              ||     4
Dodge: Dodged            ||    30

Table legend: (Time is in decaauts)
 A = Elapsed time spent in this place.
 B = Non-inter-level travel time spent in this place.
 C = Inter-level travel time spent in this place.
 D = Time resting spent in this place.
 E = Time spent auto-exploring this place.
 F = Levels seen in this place.
 G = Mean time per level.
                   A        B        C        D        E       F      G
               +--------+--------+--------+--------+--------+-----+--------+
         Total |    397 |    397 |      0 |    201 |      0 |   1 |  397.0 |
       Dungeon |    397 |    397 |      0 |    201 |      0 |   1 |  397.0 |
               +--------+--------+--------+--------+--------+-----+--------+

Top non-repeatable levels by time:
       D: 397 daAuts
